 Seeded DCSS version 0.31-a0-542-gdc2a67831c (webtiles) character file.

Game seed: 3462948736809364276 (custom seed)

126177 bmack86 the Slayer (level 16, -2/178 HPs)
             Began as a Minotaur Fighter on Aug 14, 2023.
             Was the Champion of Trog.
             Slain by a swamp worm (19 damage)
             ... on level 3 of the Swamp.
             The game lasted 01:03:56 (24877 turns).

bmack86 the Slayer (Minotaur Fighter)              Turns: 24877, Time: 01:03:56

Health: -2/178     AC: 20    Str: 31    XL:     16   Next: 43%
Magic:  15/15      EV:  8    Int:  7    God:    Trog [******]
Gold:   1362       SH: 16    Dex: 12    Spells: 15/15 levels left

rFire   . . .        u - +9 broad axe (heavy)
rCold   . . .        v - +5 Storm Queen's Shield {shock, Fly rElec}
rNeg    . . .        f - +1 plate armour
rPois   .            J - +2 hat
rElec   +            B - +2 cloak of Sast {Harm *Corrode Will+++ Slay-2}
rCorr   .            (no gloves)
SInv    .            g - +2 pair of boots
Will    ++++.        (no amulet) Stlth
                     T - +6 ring of strength
HPRegen 0.49/turn    a - +4 ring of slaying
MPRegen 0.14/turn

%: corrode self (3%), harm (+30% outgoing, +20% incoming)
@: corroded, flying
A: horns 2, retaliatory headbutt
a: Renounce Religion, Berserk, Trog's Hand, Brothers in Arms


You were on level 3 of the Swamp.
You worshipped Trog.
Trog was exalted by your worship.
You visited 5 branches of the dungeon, and saw 26 of its levels.
You also visited: Bailey and Gauntlet.

You collected 2254 gold pieces.
You spent 892 gold pieces at shops.

Inventory:

Hand Weapons
 u - a +9 heavy broad axe (weapon)
 O - a +5 heavy broad axe
 S - a +5 antimagic war axe
Missiles
 q - 3 curare-tipped darts
 r - 16 boomerangs (quivered)
 L - 5 silver javelins
Armour
 f - a +1 plate armour (worn)
 g - a +2 pair of boots (worn)
 v - the +5 Storm Queen's Shield (worn) {shock, Fly rElec}
   (You acquired it on level 4 of the Dungeon)

   Shock:     When it blocks an attack, it may electrocute the attacker.
   This works even against foes who are a short distance away.
   rElec:     It insulates you from electricity.
   Fly:       It grants you flight.
 B - the +2 cloak of Sast (worn) {Harm *Corrode Will+++ Slay-2}
   (You found it in a Gauntlet)

   Slay-2:    It affects your accuracy & damage with ranged weapons and melee
   (-2).
   Will+++:   It greatly increases your willpower.
   *Corrode:  It may corrode you when you take damage.
   Harm:      It increases damage dealt and taken.
 J - a +2 hat (worn)
 Y - a +2 plate armour of poison resistance
Jewellery
 a - a +4 ring of slaying (right hand)
 l - a ring of fire
 t - the ring of Plog {Fly Dex+6 Stlth+}
   (You acquired it on level 4 of the Dungeon)

   [ring of dexterity]

   Dex+6:     It affects your dexterity (+6).
   Fly:       It grants you flight.
   Stlth+:    It makes you more stealthy.
 I - a +6 ring of dexterity
 M - a ring of see invisible
 T - a +6 ring of strength (left hand)
Wands
 j - a wand of mindburst (25)
 x - a wand of quicksilver (15)
 G - a wand of charming (33)
 K - a wand of iceblast (14)
 Z - a wand of flame (14)
Scrolls
 e - 5 scrolls of immolation
 m - 4 scrolls of fog
 s - 2 scrolls of poison
 w - 2 scrolls of butterflies
 y - a scroll of fear
 C - 7 scrolls of teleportation
 D - 10 scrolls of identify
 Q - 3 scrolls of blinking
 U - 3 scrolls of revelation
Potions
 b - a potion of mutation {unknown}
 c - 3 potions of berserk rage
 d - 6 potions of might
 h - 7 potions of curing
 i - 5 potions of enlightenment
 k - 3 potions of haste
 o - 3 potions of cancellation
 p - 7 potions of lignification
 A - 2 potions of magic
 F - a potion of invisibility
 H - 8 potions of heal wounds


   Skills:
 * Level 25.3 Fighting
 - Level 18.0 Axes
 + Level 17.6 Armour
 - Level 10.0 Shields


You had 15 spell levels left.
You didn't know any spells.
Your spell library contained the following spells:

 Spells                   Type           Power      Damage    Failure   Level
 Sublimation of Blood     Necr           0%         N/A       99%         2
 Hailstorm                Conj/Ice       0%         3d3       100%        3
 Petrify                  Tmut/Erth      0%         N/A       100%        4
 Summon Ice Beast         Ice/Summ       0%         N/A       100%        4
 Irradiate                Conj/Tmut      0%         3d11      100%        5
 Simulacrum               Ice/Necr       0%         N/A       100%        6


Dungeon Overview and Level Annotations

Branches:
Dungeon (15/15)            Temple (1/1) D:6            Lair (5/5) D:9
  Swamp (3/4) Lair:2       Spider (0/4) Lair:3        Slime (0/5) Lair:4
    Orc (2/2) D:10            Elf (0/3) Orc:2        Vaults (0/5) D:14
 Depths (0/4) D:15         Bailey (visited)         Gauntlet (visited)

Altars:
Ashenzari
Cheibriados
Dithmenos
Elyvilon
Fedhas
Gozag
Hepliaklqana
Kikubaaqudgha
Makhleb
Nemelex Xobeh
Okawaru
Qazlal
Ru
Sif Muna
Trog
Uskayaw
Vehumet
Wu Jian
Xom
Yredelemnul
Zin
The Shining One
Jiyva

Shops:
D:15 (   Orc:2 [(?(

Portals:
Trove: D:13 (give 7 scrolls of fear)

Annotations:
D:8 2 transporters, exclusion: orange crystal statue


Innate Abilities, Weirdness & Mutations

You have a pair of horns on your head.
You reflexively headbutt those who attack you in melee.


Message History

The bunyip claws you!! You block the bunyip's attack. x2
The goliath frog hits you but does no damage.
The swamp worm bites you! x2; Your corrosive artefact corrodes you!
The thorn hunter gestures.
Unknown command.
You open the thorn hunter like a pillowcase!!!
Your headbutt misses the thorn hunter.
The thorn hunter is heavily damaged.
You hit the swamp worm. You miss the goliath frog. You slice the swamp worm!!
You barely miss the bunyip. The goliath frog closely misses you.
The swamp worm fires a harpoon shot at you.
You block the harpoon shot. You block the swamp worm's attack.
The swamp worm bites you but does no damage.
The thorn hunter hits you. You block the thorn hunter's attack.
Your shield discharges, shocking the thorn hunter!
The goliath frog hits you but does no damage. x2
You chop the thorn hunter into pieces!!!
You destroy the thorn hunter!
Trog accepts your kill.
You slice the swamp worm!!
You kill the swamp worm!
Trog accepts your kill.
You hit the goliath frog. You cut the swamp worm into ribbons!!!
You kill the swamp worm!
Trog accepts your kill.
You hit the bunyip. You cut the eleionoma into ribbons!!!
The swamp worm fires a harpoon shot at you.
The harpoon shot hits you!
You are yanked forward by the harpoon shot.
You block the goliath frog's attack.
Your shield discharges, shocking the goliath frog!
The eleionoma hurls a spray of splinters at you.
The spray of wooden splinters hits you!!!
* * * LOW HITPOINT WARNING * * *
The goliath frog hits you!
* * * LOW HITPOINT WARNING * * *
You are splashed with acid.
* * * LOW HITPOINT WARNING * * *
Your corrosive artefact corrodes you!
The swamp worm bites you!
You die...

.♣♣.~♣♣ ~♣♣...♣
♣♣♣♣♣ ~♣♣♣..♣♣
♣...♣♣ .♣ ♣♣..♣♣
♣♣.~..♣ ~♣
♣..~♣♣ ♣~.~~.♣
~♣ ♣♣~~.♣♣
♣....~♣♣ ♣♣
♣♣~..♣♣
♣♣§..~~.♣ ♣
♣♣.~~♣♣♣~~F...~♣
♣
♣♣.~~♣♣.F@R~..♣
♣ ♣♣.~~♣~w.x~..♣
♣ ♣♣.§♣.R§.~~.♣
♣♣~..♣♣♣♣♣♣♣
♣~~~♣♣ ♣♣.♣♣ ♣♣♣
♣ ♣


You could see a bunyip (catching breath), 2 eleionomae, 2 goliath frogs and a
swamp worm.

Vanquished Creatures
  Rupert (Lair:1)
  Gastronok (Lair:1)
  A thorn hunter (Swamp:3)
  An ironbound preserver (D:14)
  A stone giant (D:15)
  2 bunyips (Swamp:2)
  4 eleionomae
  A dire elephant (Lair:5)
  A minotaur (Gauntlet)
  An entropy weaver (Gauntlet)
  3 ogre magi
  2 vault guards (Bailey)
  2 rakshasas
  10 hydras
  A death knight (D:13)
  A catoblepas (Gauntlet)
  4 centaur warriors
  6 boulder beetles
  16 two-headed ogres
  8 alligators
  6 death yaks
  A spectral dire elephant (Lair:5)
  Amaemon (Lair:1)
  A skyshark (Lair:2)
  5 skeletal warriors
  A pharaoh ant (Lair:3)
  A spectral anaconda (Lair:5)
  2 deep trolls (Orc:2)
  6 goliath frogs
  3 spriggan druids
  A swamp dragon (Swamp:1)
  An obsidian statue (Lair:5)
  2 bog bodies (Swamp:2)
  A wizard (D:14)
  Jeremiah (D:9)
  3 deep elf pyromancers
  A wolf spider (Gauntlet)
  Pikel (D:7)
  2 orc knights (Orc:2)
  5 ugly things
  3 necromancers (Lair:5)
  4 manticores
  A large abomination (Gauntlet)
  9 cyclopes
  A will-o-the-wisp (Swamp:2)
  5 black mambas
  10 elephants
  4 gargoyles
  2 dire elephant skeletons (Lair:5)
  13 cane toads
  A torpor snail (shapeshifter) (D:15)
  An orange demon (Lair:1)
  2 unseen horrors
  A kobold demonologist (D:12)
  A freezing wraith (D:13)
  7 komodo dragons
  A komodo dragon (shapeshifter) (D:13)
  3 tyrant leeches
  13 trolls
  A bloated husk (Swamp:3)
  2 spectral elephants (Lair:5)
  A polar bear (Lair:1)
  A meliai (D:11)
  Prince Ribbit (D:5)
  10 blink frogs (Lair:3)
  13 dream sheep
  6 hornets
  2 jumping spiders
  Sigmund (D:3)
  4 shadows
  4 wyverns
  A vampire (D:12)
  4 spriggans
  2 wraiths
  69 yaks
  3 humans
  3 basilisks
  6 vampire mosquitoes
  2 redbacks (Lair:3)
  5 steam dragons
  A death yak simulacrum (Lair:5)
  A redback (shapeshifter) (D:14)
  3 wargs (Orc:2)
  3 spectral cane toads (Lair:5)
  14 swamp worms
  2 two-headed ogre zombies (D:10)
  A naga (shapeshifter) (D:15)
  3 acid dragons
  16 water moccasins
  2 swamp drakes
  18 orc warriors
  An ice beast (D:6)
  2 black bears
  A sky beast (D:6)
  An elephant zombie (Lair:5)
  22 ogres
  3 wolves (Lair:1)
  3 boggarts (D:14)
  5 small abominations (Gauntlet)
  15 centaurs
  4 kobold brigands (D:8)
  18 bullfrogs
  2 gnoll sergeants
  8 scorpions
  19 wights
  An elephant simulacrum (Lair:5)
  3 killer bees (D:9)
  A troll zombie (D:10)
  An electric eel (Lair:2)
  A howler monkey (D:11)
  13 orc priests
  2 hounds (D:5)
  2 jellies
  7 hell rats (Lair:2)
  Terence (D:3)
  2 iguanas
  19 orc wizards
  5 ogre zombies (D:10)
  11 gnolls
  6 adders
  A shadow imp (D:7)
  A white imp (D:7)
  An ufetubus (D:5)
  2 worms
  2 dart slugs
  83 orcs
  2 bat zombies (D:8)
  7 endoplasms
  5 giant cockroaches
  8 goblins
  5 hobgoblins
  3 jackals (D:1)
  4 quokkas
  10 ball pythons
  15 bats
  2 frilled lizards (D:1)
  A goblin skeleton (D:10)
  6 goblin zombies (D:10)
  3 hobgoblin skeletons (D:10)
  3 hobgoblin zombies (D:10)
  21 kobolds
  An orc skeleton (D:10)
  11 orc zombies (D:10)
  8 rats
  A rat zombie (D:8)
784 creatures vanquished.

Vanquished Creatures (others)
  An orc wizard (D:7)
  4 foxfires (Swamp:2)
5 creatures vanquished.

Grand Total: 789 creatures vanquished

Notes
Turn   | Place    | Note
-------+----------+-------------------------------------------
     0 | D:1      | bmack86 the Minotaur Fighter began the quest for the Orb.
     0 | D:1      | Reached XP level 1. HP: 19/19 MP: 0/0
    72 | D:1      | Reached XP level 2. HP: 26/26 MP: 1/1
   322 | D:1      | Reached XP level 3. HP: 30/31 MP: 2/2
   692 | D:2      | Found a burning altar of Makhleb.
   719 | D:2      | Reached skill level 5 in Shields
   844 | D:2      | Found a faded altar of an unknown god.
  1339 | D:3      | Noticed Terence
  1344 | D:3      | Killed Terence
  1345 | D:3      | Reached XP level 4. HP: 39/39 MP: 3/3
  1427 | D:3      | Noticed Sigmund
  1434 | D:3      | Killed Sigmund
  1435 | D:3      | Reached XP level 5. HP: 29/45 MP: 4/4
  1540 | D:3      | Found a shimmering blue altar of Sif Muna.
  1692 | D:3      | Reached XP level 6. HP: 26/51 MP: 5/5
  1941 | D:3      | Found a hazy altar of Hepliaklqana.
  2182 | D:4      | Found a bloodstained altar of Trog.
  2185 | D:4      | Found a glowing golden altar of the Shining One.
  2612 | D:4      | Identified 3 scrolls of acquirement
  2612 | D:4      | Acquired a +4 heavy broad axe
  2614 | D:4      | Acquired the +5 Storm Queen's Shield {shock, Fly rElec}
  2614 | D:4      | Found the +5 Storm Queen's Shield {shock, Fly rElec}
  2616 | D:4      | Acquired the ring of Plog {Fly Dex+6 Stlth+}
  2930 | D:5      | Entered Level 5 of the Dungeon
  3016 | D:4      | Became a worshipper of Trog the Wrathful
  3225 | D:5      | Reached XP level 7. HP: 52/57 MP: 6/6
  3408 | D:5      | Reached skill level 10 in Axes
  3439 | D:5      | Found a sacrificial altar of Ru.
  3472 | D:5      | Reached * piety under Trog
  3527 | D:5      | Reached XP level 8. HP: 59/64 MP: 7/7
  3745 | D:5      | Found a radiant altar of Vehumet.
  3834 | D:5      | Noticed Prince Ribbit
  3845 | D:5      | Killed Prince Ribbit
  4772 | D:6      | Found a staircase to the Ecumenical Temple.
  4800 | D:6      | Reached XP level 9. HP: 33/70 MP: 8/8
  4815 | Temple   | Entered the Ecumenical Temple
  5118 | D:7      | Noticed Pikel
  5122 | D:7      | Killed Pikel
  5177 | D:7      | Reached ** piety under Trog
  5217 | D:7      | Reached skill level 15 in Axes
  5344 | D:7      | Noticed a two-headed ogre
  5355 | D:7      | Killed a two-headed ogre
  5411 | D:7      | Reached XP level 10. HP: 71/77 MP: 9/9
  5996 | D:8      | Noticed a boulder beetle
  6001 | D:8      | Noticed a cyclops
  6012 | D:8      | Killed a cyclops
  6020 | D:8      | Killed a boulder beetle
  6324 | D:8      | Found an ancient bone altar of Kikubaaqudgha.
  6477 | D:8      | Reached skill level 4 in Fighting
  6509 | D:8      | Reached skill level 5 in Fighting
  6526 | D:8      | Found a flagged portal.
  6527 | D:8      | Reached *** piety under Trog
  6545 | Bailey   | Entered a bailey
  6719 | Bailey   | Reached skill level 6 in Fighting
  6767 | Bailey   | Noticed a vault guard
  6775 | Bailey   | Killed a vault guard
  6776 | Bailey   | Reached skill level 7 in Fighting
  6867 | Bailey   | Noticed a cane toad
  6867 | Bailey   | Noticed a vault guard
  6873 | Bailey   | Killed a cane toad
  6874 | Bailey   | Reached skill level 8 in Fighting
  6874 | Bailey   | Reached skill level 5 in Armour
  6874 | Bailey   | Reached XP level 11. HP: 94/94 MP: 10/10
  6875 | Bailey   | Killed a vault guard
  7096 | D:8      | Found a transporter.
  7096 | D:8      | Noticed a seven-headed hydra
  7096 | D:8      | Noticed an orange crystal statue
  7097 | D:8      | Noticed a centaur warrior
  7097 | D:8      | Noticed a centaur warrior
  7103 | D:8      | Found a transporter.
  7302 | D:9      | Reached skill level 9 in Fighting
  7389 | D:9      | Reached skill level 10 in Fighting
  7590 | D:9      | Noticed Jeremiah
  7590 | D:9      | Noticed a two-headed ogre
  7597 | D:10     | Entered Level 10 of the Dungeon
  7600 | D:10     | Killed a two-headed ogre
  7878 | D:9      | Killed Jeremiah
  8179 | D:9      | Reached skill level 11 in Fighting
  8229 | D:9      | Found a staircase to the Lair.
  8300 | D:9      | Found a blossoming altar of Fedhas.
  8392 | D:10     | Reached **** piety under Trog
  8536 | D:10     | Found an iron altar of Okawaru.
  8634 | D:10     | Found a broken altar of Ashenzari.
  8735 | D:10     | Found a staircase to the Orcish Mines.
  8753 | D:10     | Reached skill level 12 in Fighting
  9079 | D:10     | Reached ***** piety under Trog
  9406 | D:11     | Reached skill level 10 in Shields
  9439 | D:11     | Noticed a two-headed ogre
  9445 | D:11     | Killed a two-headed ogre
  9446 | D:11     | Reached skill level 13 in Fighting
  9523 | D:11     | Noticed a boulder beetle
  9536 | D:11     | Killed a boulder beetle
  9565 | D:11     | Reached XP level 12. HP: 115/115 MP: 11/11
  9618 | D:11     | Noticed a two-headed ogre
  9623 | D:11     | Killed a two-headed ogre
  9624 | D:11     | Reached skill level 14 in Fighting
  9721 | D:11     | Reached skill level 15 in Fighting
  9766 | D:11     | Noticed a two-headed ogre
 10161 | D:12     | Noticed a boulder beetle
 10171 | D:12     | Killed a boulder beetle
 10434 | D:12     | Reached skill level 16 in Fighting
 11610 | D:13     | Found a portal to a secret trove of treasure.
 11616 | D:13     | Noticed a death knight
 11638 | D:13     | Reached skill level 10 in Armour
 11639 | D:13     | Killed a death knight
 11879 | D:13     | Received a gift from Trog
 11880 | D:13     | Noticed a centaur warrior
 11883 | D:13     | Reached skill level 17 in Fighting
 11884 | D:13     | Killed a centaur warrior
 12270 | D:13     | Reached XP level 13. HP: 132/132 MP: 12/12
 12833 | D:14     | Noticed an ironbound preserver
 12838 | D:14     | Killed an ironbound preserver
 12848 | D:14     | Reached skill level 18 in Fighting
 13113 | D:14     | Found a gate to the Vaults.
 13935 | D:15     | Entered Level 15 of the Dungeon
 13956 | D:15     | Found a staircase to the Depths.
 13956 | D:15     | Noticed a stone giant
 13968 | D:15     | Killed a stone giant
 14045 | D:15     | Found a gate leading to a gauntlet.
 14054 | Gauntlet | Entered a Gauntlet
 14054 | Gauntlet | Found a transporter.
 14054 | Gauntlet | Found a transporter.
 14058 | Gauntlet | Found a transporter.
 14059 | Gauntlet | Found a transporter.
 14069 | Gauntlet | Found a transporter.
 14122 | Gauntlet | Found a transporter.
 14147 | Gauntlet | Found a transporter.
 14157 | Gauntlet | Found a transporter.
 14159 | Gauntlet | Found a large runed translucent door.
 14160 | Gauntlet | Found a large runed translucent door.
 14161 | Gauntlet | Found a large runed translucent door.
 14161 | Gauntlet | Found a large runed translucent door.
 14161 | Gauntlet | Found a runed translucent door.
 14161 | Gauntlet | Found a runed translucent door.
 14162 | Gauntlet | Found a large runed translucent door.
 14162 | Gauntlet | Found a large runed translucent door.
 14163 | Gauntlet | Found a large runed translucent door.
 14164 | Gauntlet | Found a large runed translucent door.
 14170 | Gauntlet | Found a large runed translucent door.
 14170 | Gauntlet | Found a large runed translucent door.
 14171 | Gauntlet | Found a large runed translucent door.
 14171 | Gauntlet | Found a large runed translucent door.
 14172 | Gauntlet | Found a large runed translucent door.
 14172 | Gauntlet | Found a large runed translucent door.
 14172 | Gauntlet | Found a large runed translucent door.
 14172 | Gauntlet | Found a large runed translucent door.
 14177 | Gauntlet | Found a runed translucent gate.
 14177 | Gauntlet | Found a runed translucent gate.
 14177 | Gauntlet | Found a runed translucent gate.
 14179 | Gauntlet | Found a transporter.
 14271 | Gauntlet | Found a transporter.
 14289 | Gauntlet | Found a transporter.
 14311 | Gauntlet | Found a transporter.
 14325 | Gauntlet | Found a transporter.
 14347 | Gauntlet | Found a transporter.
 14453 | Gauntlet | Found a transporter.
 14457 | Gauntlet | Found a transporter.
 14516 | Gauntlet | Reached skill level 19 in Fighting
 14728 | Gauntlet | Identified the +2 cloak of Sast {Harm *Corrode Will+++
                  | Slay-2}
 14732 | Gauntlet | Identified the +0 dagger of Cuocsyemp {freeze, Will++}
 14914 | Gauntlet | Identified the +7 war axe of Ipse Dixit {antimagic, Fragile
                  | rPois rN+ Dex+2}
 14914 | Gauntlet | Noticed a minotaur
 14924 | Gauntlet | Killed a minotaur
 14945 | Gauntlet | Identified the +1 battleaxe of the Blushing Gods {elec,
                  | Dex+4 Stlth-}
 15195 | D:15     | Found Xablar's Magic Scroll Shoppe.
 15256 | D:15     | Received a gift from Trog
 15310 | D:15     | Found Cuoceocw's Weapon Shoppe.
 15359 | D:15     | Reached XP level 14. HP: 55/147 MP: 13/13
 15360 | D:15     | Reached skill level 20 in Fighting
 15988 | Lair:1   | Entered Level 1 of the Lair of Beasts
 15997 | Lair:1   | Noticed Amaemon
 16008 | Lair:1   | Killed Amaemon
 16063 | Lair:1   | Identified the +3 hand axe of Liar {freeze, Dex+4}
 16366 | Lair:1   | Noticed Gastronok
 16375 | Lair:1   | Killed Gastronok
 16697 | Lair:1   | Found a runed translucent door.
 16699 | Lair:1   | Noticed Rupert
 16707 | Lair:1   | Killed Rupert
 16708 | Lair:1   | Reached skill level 21 in Fighting
 16713 | Lair:1   | Received a gift from Trog
 17103 | Lair:2   | Found a staircase to the Swamp.
 17750 | Lair:3   | Found a hole to the Spider Nest.
 17757 | Lair:3   | Reached skill level 22 in Fighting
 18658 | Lair:4   | Reached skill level 15 in Armour
 18746 | Lair:4   | Reached XP level 15. HP: 160/160 MP: 14/14
 19228 | Lair:4   | Found a viscous altar of Jiyva.
 19228 | Lair:4   | Found a staircase to the Slime Pits.
 19240 | Lair:4   | Reached ****** piety under Trog
 19282 | Lair:4   | Identified the +0 ring mail of Evolution {Will+}
 19587 | Lair:5   | Entered Level 5 of the Lair of Beasts
 19944 | Lair:5   | Received a gift from Trog
 20073 | Lair:5   | Reached skill level 23 in Fighting
 21274 | Orc:1    | Entered Level 1 of the Orcish Mines
 21307 | Orc:1    | Identified the +2 lajatang "Tinekean" {flame, rF+ Str+5
                  | Int-5 Dex+3} (Trog gifted it to you on level 1 of the
                  | Orcish Mines)
 21307 | Orc:1    | Received a gift from Trog
 21368 | Orc:1    | Found a shimmering altar of Xom.
 21699 | Orc:2    | Entered Level 2 of the Orcish Mines
 21932 | Orc:2    | Found Mosun's Antique Weapon Shop.
 21950 | Orc:2    | Reached skill level 24 in Fighting
 21951 | Orc:2    | Received a gift from Trog
 21954 | Orc:2    | Found Myabb's Antique Weapon Boutique.
 22101 | Orc:2    | Found Nougytt's Antique Armour Emporium.
 22123 | Orc:2    | Found Istao's Magic Scroll Boutique.
 22139 | Orc:2    | Bought a scroll of enchant armour for 112 gold pieces
 22207 | Orc:2    | Found a staircase to the Elven Halls.
 22565 | Orc:2    | Bought a glowing plate armour for 780 gold pieces
 22809 | Swamp:1  | Entered Level 1 of the Swamp
 22831 | Swamp:1  | Reached XP level 16. HP: 140/176 MP: 15/15
 23937 | Swamp:2  | Received a gift from Trog
 24341 | Swamp:3  | Reached skill level 25 in Fighting
 24872 | Swamp:3  | Noticed a thorn hunter
 24877 | Swamp:3  | Killed a thorn hunter
 24877 | Swamp:3  | Slain by a swamp worm

Illustrated notes

Levels and vault maps discovered:
D:1:      mushboom_english_gardens, layout_rooms, minmay_tromino_v4_b
D:2:      layout_loops_corners, basic_altar, ebering_ecumenical_altar_mist
D:3:      layout_basic, lemuel_blue_sif_altar, nicolae_hepliaklqana_hippocampus,
          uniq_terence, uniq_sigmund
D:4:      layout_gridville, trog_book, nicolae_overflow_hidden_temple
D:5:      old_forge, layout_layer_cave, mainiacjoe_overflow_tiny_flanked,
          nicolae_ru_awakened_eye, uniq_prince_ribbit1
D:6:      layout_loops_ring, minmay_temple_entry_stoned_glass, serial_glass,
          glass_columns_b, glass_columns_c
D:7:      layout_loops_ring, uniq_pikel
D:8:      gammafunk_sealed_arena, layout_basic,
          lemuel_zombie_altar_kikubaaqudgha, enter_bailey_4,
          nicolae_concentric_dashed_squares_wild, minmay_manual_mess
D:9:      layout_rooms, fedhas_altar_4, david_lair_shrubbed, uniq_jeremiah
D:10:     layout_roguey, nicolae_overflow_crystal_walls, okawaru_gym_becter,
          zombieorc2_lemuel, minmay_misc_feat_secret_circle
D:11:     layout_roguey, grunt_ministairs_6, minmay_mirror_moons_of_madness
D:12:     layout_basic
D:13:     layout_grid_maze, nicolae_trove_entry_isolated
D:14:     layout_roguey, skrybe_vaults_entry_preservation
D:15:     grunt_enter_depths_giant_problem, layout_gridville,
          gauntlet_entry_generic, serial_shops, nicolae_square_shop, shop
Temple:   nicolae_temple_hex_pool
Lair:1:   layout_loops_ring, serial_rivers, chequers_serial_rivers_micro_b,
          chequers_serial_rivers_micro_b, chequers_serial_rivers_small_3,
          chequers_serial_rivers_micro_d, chequers_serial_rivers_room_b,
          chequers_serial_rivers_micro_d, pdpol_lair_cabin_in_the_woods,
          uniq_amaemon, uniq_gastronok
Lair:2:   layout_cave_shapes, minmay_swamp_entry_worms, guppyfry_lair_drakes,
          serial_bayou_shore_b, infiniplex_staircase_pool_2
Lair:3:   layout_long_grid, nicolae_spider_entry_lesser_pyramids
Lair:4:   layout_regular_city, slime_entry_1
Lair:5:   due_jungle_book, layout_small_grid
Swamp:1:  layout_basic_swamp, evilmike_swamp_ruin_house_3,
          infiniplex_staircase_pool
Swamp:2:  layout_basic_swamp, nicolae_swamp_round_clearing
Swamp:3:  layout_falls_marsh, serial_swamp_ruin, evilmike_swamp_ruin_house_4,
          evilmike_swamp_ruin_rubble_2, nicolae_swamp_no_escape
Orc:1:    layout_caves, basic_altar
Orc:2:    st_orc_open, layout_diamond_mine

Skill      XL: |  1  2  3  4  5  6  7  8  9 10 11 12 13 14 15 16 |
---------------+-------------------------------------------------+-----
Shields        | 4 5 7 10 | 10.0
Axes           | 3 4 6 7 8 10 13 16 18 | 18.0
Fighting       | 8 13 17 19 22 24 25 | 25.3
Armour         | 5 7 10 12 15 16 17 | 17.6

Action                     |  1- 3 |  4- 6 |  7- 9 | 10-12 | 13-15 | 16-18 || total
---------------------------+-------+-------+-------+-------+-------+-------++-------
  Melee: War axe           |    94 |    73 |   172 |    69 |       |       ||   408
         Headbutt          |     9 |    11 |    37 |    52 |    99 |    22 ||   230
         Broad axe         |       |       |       |   247 |   464 |    84 ||   795
  Throw: Boomerang         |       |     1 |       |    14 |       |       ||    15
 Invoke: Berserk           |       |       |       |     3 |     6 |       ||     9
  Evoke: Wand              |       |       |     2 |     3 |       |       ||     5
    Use: Scroll            |       |     3 |     5 |    17 |    15 |     2 ||    42
         Potion            |       |       |       |     1 |     1 |       ||     2
 Armour: Plate armour      |   106 |    41 |    61 |   133 |   254 |    73 ||   668
  Dodge: Dodged            |    34 |    20 |    29 |    51 |   104 |    40 ||   278
         Repelled          |       |       |       |     1 |     1 |       ||     2
  Block: Buckler           |    28 |    15 |       |       |       |       ||    43
         Kite shield       |       |     9 |   129 |   256 |   437 |    81 ||   912

Table legend: (Time is in decaauts)
 A = Elapsed time spent in this place.
 B = Non-inter-level travel time spent in this place.
 C = Inter-level travel time spent in this place.
 D = Time resting spent in this place.
 E = Time spent auto-exploring this place.
 F = Levels seen in this place.
 G = Mean time per level.
                   A        B        C        D        E       F      G
               +--------+--------+--------+--------+--------+-----+--------+
         Total |  25125 |  23835 |   1290 |   1758 |  15996 |  28 |  897.3 |
       Dungeon |  14891 |  14097 |    794 |    883 |   9960 |  15 |  992.7 |
        Temple |     67 |     67 |      0 |      0 |      0 |   1 |   67.0 |
          Lair |   5418 |   5052 |    366 |      0 |   4059 |   5 | 1083.6 |
         Swamp |   2080 |   2021 |     59 |    458 |   1091 |   3 |  693.3 |
  Orcish Mines |   1345 |   1276 |     69 |      0 |    885 |   2 |  672.5 |
        Bailey |    420 |    420 |      0 |    179 |      0 |   1 |  420.0 |
      Gauntlet |    902 |    902 |      0 |    238 |      0 |   1 |  902.0 |
               +--------+--------+--------+--------+--------+-----+--------+

Top non-repeatable levels by time:
    D:13: 1787 daAuts
  Lair:5: 1567 daAuts
    D:14: 1377 daAuts
     D:5: 1297 daAuts
    D:10: 1251 daAuts
  Lair:3: 1122 daAuts
  Lair:1: 1117 daAuts
    D:15: 1078 daAuts
     D:7: 1020 daAuts
 Swamp:1: 994 daAuts
  Lair:4: 950 daAuts
     D:9: 926 daAuts
     D:4: 926 daAuts
   Orc:2: 910 daAuts
Gauntlet: 902 daAuts
